[gd_scene load_steps=18 format=2]

[ext_resource path="res://fonts/DeterminationSansWebRegular-369X.ttf" type="DynamicFontData" id=1]
[ext_resource path="res://fonts/DeterminationMonoWebRegular-Z5oq.ttf" type="DynamicFontData" id=2]
[ext_resource path="res://scripts/get_word.gd" type="Script" id=3]
[ext_resource path="res://scripts/HUD_Controller.gd" type="Script" id=4]
[ext_resource path="res://scripts/fade_word.gd" type="Script" id=5]
[ext_resource path="res://scripts/screen_shake.gd" type="Script" id=6]
[ext_resource path="res://scripts/score_tracker.gd" type="Script" id=7]
[ext_resource path="res://sounds/bad01.wav" type="AudioStream" id=8]
[ext_resource path="res://sounds/start.wav" type="AudioStream" id=9]
[ext_resource path="res://sounds/wordcomplete.wav" type="AudioStream" id=10]
[ext_resource path="res://sounds/bgm1.ogg" type="AudioStream" id=11]

[sub_resource type="DynamicFont" id=1]
size = 24
font_data = ExtResource( 1 )

[sub_resource type="DynamicFont" id=2]
size = 24
font_data = ExtResource( 1 )

[sub_resource type="DynamicFont" id=3]
size = 24
font_data = ExtResource( 1 )

[sub_resource type="DynamicFont" id=4]
size = 64
font_data = ExtResource( 2 )

[sub_resource type="DynamicFont" id=5]
size = 48
font_data = ExtResource( 2 )

[sub_resource type="DynamicFont" id=6]
font_data = ExtResource( 1 )

[node name="HUD" type="CanvasLayer"]
script = ExtResource( 4 )

[node name="Camera2D" type="Camera2D" parent="."]
position = Vector2( 512, 302 )
script = ExtResource( 6 )

[node name="Instructions" type="Label" parent="Camera2D"]
anchor_right = 1.0
margin_left = -321.0
margin_top = -299.0
margin_right = 320.0
margin_bottom = -235.0
custom_fonts/font = SubResource( 1 )
text = "Guess the words before time runs out.
Type a letter to make a guess"
align = 1
valign = 1
__meta__ = {
"_edit_use_anchors_": false
}

[node name="StartButton" type="Button" parent="Camera2D"]
anchor_left = 0.5
anchor_top = 0.5
anchor_right = 0.5
anchor_bottom = 0.5
margin_left = -65.0
margin_top = 85.0
margin_right = 63.0
margin_bottom = 121.0
text = "BEGIN"

[node name="ScoreLabel" type="Label" parent="Camera2D"]
margin_left = -513.0
margin_top = -299.0
margin_right = -354.0
margin_bottom = -235.0
custom_fonts/font = SubResource( 2 )
text = "Words Guessed: 0"
valign = 1

[node name="HighScore" type="Label" parent="Camera2D"]
margin_left = -512.0
margin_top = -264.0
margin_right = -353.0
margin_bottom = -200.0
custom_fonts/font = SubResource( 2 )
text = "High Score: 0"
valign = 1
script = ExtResource( 7 )

[node name="TimeRemainingLabel" type="Label" parent="Camera2D"]
anchor_left = 1.0
anchor_right = 1.0
margin_left = 383.0
margin_top = -299.0
margin_right = 511.0
margin_bottom = -235.0
custom_fonts/font = SubResource( 3 )
text = "TIME: 69"
align = 2
valign = 1
__meta__ = {
"_edit_use_anchors_": false
}

[node name="GuessWordLabel" type="Label" parent="Camera2D"]
anchor_top = 0.5
anchor_right = 1.0
anchor_bottom = 0.5
margin_left = -514.0
margin_top = -131.0
margin_right = 510.0
margin_bottom = 61.0
custom_fonts/font = SubResource( 4 )
text = "Supercalifragilizer"
align = 1
valign = 1
script = ExtResource( 3 )

[node name="CorrectlyGuessed" type="Label" parent="Camera2D"]
anchor_right = 1.0
margin_left = -512.0
margin_top = -200.0
margin_right = 510.0
margin_bottom = -108.0
custom_fonts/font = SubResource( 5 )
text = "Correct"
align = 1
valign = 1
script = ExtResource( 5 )

[node name="Tween" type="Tween" parent="Camera2D/CorrectlyGuessed"]

[node name="Completed" type="AudioStreamPlayer" parent="Camera2D/CorrectlyGuessed"]
stream = ExtResource( 10 )

[node name="TriesRemainingLabel" type="Label" parent="Camera2D"]
margin_left = -65.0
margin_top = 69.0
margin_right = 63.0
margin_bottom = 86.0
custom_fonts/font = SubResource( 6 )
text = "6 Tries Left"
align = 1
__meta__ = {
"_edit_use_anchors_": false
}

[node name="CameraTween" type="Tween" parent="Camera2D"]

[node name="Miss" type="AudioStreamPlayer" parent="Camera2D"]
stream = ExtResource( 8 )

[node name="Start" type="AudioStreamPlayer" parent="Camera2D"]
stream = ExtResource( 9 )

[node name="BGM" type="AudioStreamPlayer" parent="Camera2D"]
stream = ExtResource( 11 )
autoplay = true

[connection signal="pressed" from="Camera2D/StartButton" to="." method="_on_StartButton_pressed"]
